Map: Catalyst LE

Players

TonyStark - Winner!

  • Race: Protoss Protoss
  • League: Platinum
  • Spawn Location: 5:00

SamuraiFunn

  • Race: Protoss Protoss
  • League: Platinum
  • Spawn Location: 11:00

VOD

Have the link to the VOD?

Description

Time

  • Played on: Nov. 25, 2017, 7:46 p.m.
  • Length: 10:11
Show
View Real Time Build Order
Export as new Build Order

TonyStark Protoss - Winner!

Build Orders: Cannon Rush 

Get SALT Encoding   

  12  0:01  Probe  
  13  0:16  Pylon  
  13  0:19  Probe (Chrono Boost)  
  14  0:31  Probe (Chrono Boost)  
  15  0:37  Forge  
  15  0:40  Probe  
  16  0:52  Probe  
  17  1:04  Probe  
  18  1:09  Pylon  
  18  1:16  Probe  
  19  1:24  Pylon  
  19  1:28  Probe  
  19  1:31  Photon Cannon  
  20  1:44  Photon Cannon  
  20  1:48  Photon Cannon  
  20  1:54  Photon Cannon  
  20  2:01  Pylon  
  20  2:17  Pylon  
  20  2:21  Photon Cannon  
  20  2:24  Photon Cannon  
  20  2:28  Pylon  
  21  2:30  Probe (Chrono Boost)  
  22  2:41  Probe (Chrono Boost)  
  22  2:43  Photon Cannon  
  22  2:53  Photon Cannon  
  22  3:06  Pylon  
  22  3:25  Photon Cannon  
  22  3:29  Pylon  
  22  3:41  Pylon  
  22  3:43  Pylon  
  22  4:03  Nexus  
  22  4:06  Pylon  
  22  4:08  Gateway  
  22  4:14  Photon Cannon  
  22  4:27  Probe, Pylon  
  22  4:29  Assimilator  
  23  4:33  Assimilator  
  23  4:39  Probe  
  23  4:44  Pylon  
  24  4:48  Pylon  
  24  4:53  Pylon  
  24  5:08  Photon Cannon  
  24  5:26  Pylon  
  24  5:33  Pylon  
  23  5:42  Zealot  
  25  5:47  Cybernetics Core  
  25  5:57  Probe  
  26  5:59  Probe  
  27  6:09  Probe  
  27  6:10  Pylon  
  28  6:12  Pylon  
  28  6:13  Photon Cannon, Probe (Chrono Boost)  
  29  6:21  Probe (Chrono Boost)  
  31  6:28  Stargate  
  31  6:31  Probe x2 (Chrono Boost)  
  32  6:32  Assimilator  
  32  6:35  Assimilator  
  32  6:36  Probe (Chrono Boost)  
  32  6:37  Photon Cannon  
  32  6:39  Photon Cannon  
  34  6:45  Zealot  
  37  6:47  Probe x2 (Chrono Boost)  
  37  6:49  Probe  
  37  6:52  Stargate  
  38  6:58  Probe  
  39  7:01  Probe  
  40  7:10  Probe  
  40  7:13  Probe  
  40  7:14  Twilight Council  
  42  7:24  Probe  
  42  7:29  Void Ray (Chrono Boost)  
  47  7:35  Probe  
  52  7:45  Probe  
  52  7:48  Probe  
  52  7:51  Zealot  
  56  7:53  Void Ray (Chrono Boost)  
  56  7:58  Probe  
  57  8:00  Probe  
  58  8:10  Probe  
  58  8:12  Probe  
  63  8:19  Oracle (Chrono Boost)  
  63  8:22  Probe  
  68  8:32  Probe, Dark Shrine  
  69  8:36  Nexus, Void Ray (Chrono Boost)  
  68  8:59  Probe x2  
  70  9:04  Void Ray (Chrono Boost)  
  70  9:05  Nexus  
  70  9:06  Pylon  
  70  9:09  Pylon  
  74  9:11  Probe, Assimilator  
  74  9:14  Probe  
  74  9:15  Assimilator  
  80  9:22  Void Ray (Chrono Boost)  
  80  9:25  Gateway  
  80  9:42  Probe  
  85  9:46  Probe  
  85  9:52  Photon Cannon  
  86  9:54  Probe  
Show
View Real Time Build Order
Export as new Build Order

SamuraiFunn Protoss 

Build Orders: 1 Gate Expand 

Get SALT Encoding   

  12  0:15  Probe (Chrono Boost)  
  13  0:27  Probe (Chrono Boost)  
  14  0:33  Pylon  
  15  0:36  Probe (Chrono Boost)  
  15  0:40  Assimilator  
  15  0:51  Probe  
  15  0:53  Gateway  
  16  1:04  Probe  
  17  1:17  Probe  
  18  1:37  Probe  
  18  1:39  Nexus  
  19  1:40  Zealot (Chrono Boost)  
  21  1:55  Pylon  
  21  2:00  Forge  
  21  2:09  Probe  
  22  2:21  Probe  
  25  2:24  Zealot  
  25  2:36  Photon Cannon  
  25  2:41  Pylon  
  25  2:44  Pylon  
  25  2:54  Photon Cannon  
  22  3:03  Photon Cannon  
  22  3:05  Photon Cannon  
  21  3:06  Photon Cannon  
  21  3:08  Photon Cannon  
  21  3:16  Zealot  
  13  3:43  Zealot (Chrono Boost)  
  10  4:05  Nexus  
  8  5:19  Probe  
  8  6:12  Probe  
  9  6:24  Probe  
  10  6:29  Pylon  
  10  6:37  Probe (Chrono Boost)  
  12  6:49  Probe (Chrono Boost)  
  12  6:52  Probe (Chrono Boost)  
  13  7:03  Probe  
  14  7:12  Gateway  
  14  7:15  Probe (Chrono Boost)  
  16  7:27  Probe (Chrono Boost)  
  16  7:29  Probe  
  17  7:41  Probe  
  18  7:54  Forge  
  18  8:07  Probe  
  19  8:14  Assimilator  
  19  8:17  Zealot  
  19  8:19  Probe, Pylon  
  21  8:50  Zealot  
  21  8:54  Gateway  
  23  8:56  Probe  
  23  8:59  Gateway  
  23  9:02  Assimilator  
  24  9:16  Probe (Chrono Boost)  
  27  9:17  Gateway, Zealot  
  28  9:28  Probe (Chrono Boost)  
  28  9:36  Nexus  
Tags
 
Add a new tag
Caveats
  • Supply blocks, unpowered buildings, or Contaminate may cause inaccurate times.
  • Supply counts are checked every 10 seconds.